[Event "Titled Tuesday Blitz February 14 Late 2023"]
[White "Forgacs, Attila Jr."]
[Black "Stachanczyk, Jacek"]
[WhiteFideId "773654"]
[BlackFideId "1116657"]
[WhiteElo "2264"]
[BlackElo "2147"]
[Result "1-0"]
[Round "08"]
[TimeControl "180+2"]
[Date "2023.02.14"]
[WhiteClock "0:00:24"]
[BlackClock "0:00:05"]

1. e4 c5 2. Nf3 d6 3. d4 cxd4 4. Nxd4 Nf6 5. Nc3 g6 6. Be3 Bg7 7. f3 O-O 8. Qd2 Nc6 9. g4 Be6 10. Nxe6 fxe6 11. O-O-O Ne5 12. Be2 Qc8 13. h4 Nc4 14. Bxc4 Qxc4 15. h5 Nd7 16. hxg6 hxg6 17. f4 Bxc3 18. bxc3 Qxa2 19. Qh2 Nf6 20. Bd4 Kf7 21. Bxf6 Kxf6 22. e5+ Kf7 23. exd6 exd6 24. Qh7+ Ke8 25. Qxb7 Rd8 26. Qc6+ Rd7 27. Qc8+ Rd8 28. Qc6+ Rd7 29. Rh7 1-0


[Site "https://www.chess.com"]

[Event "Titled Tuesday Blitz February 14 Late 2023"]
[White "Alfaro, William"]
[Black "Rottenwohrer Suarez, Juan"]
[WhiteFideId "6100457"]
[BlackFideId "32068182"]
[WhiteElo "2134"]
[BlackElo "2265"]
[Result "0-1"]
[Round "08"]
[TimeControl "180+2"]
[Date "2023.02.14"]
[WhiteClock "0:00:53"]
[BlackClock "0:00:33"]

1. e4 c5 2. Nf3 g6 3. d4 cxd4 4. Qxd4 Nf6 5. e5 Nc6 6. Qd2 Ne4 7. Qe3 d5 8. exd6 Nxd6 9. Bd3 Bg7 10. O-O O-O 11. Nc3 Bf5 12. Re1 Rc8 13. a3 a6 14. Qe2 Bg4 15. Be3 Nf5 16. h3 Nfd4 17. Bxd4 Nxd4 18. Qxe7 Bxf3 19. Qxd8 Rfxd8 20. gxf3 Nxf3+ 21. Kg2 Nxe1+ 22. Rxe1 Bxc3 23. bxc3 Rxc3 24. Re7 b5 25. a4 bxa4 26. Ra7 Rd6 27. Bxa6 Rxc2 28. Bb5 Rf6 29. Rxa4 Rcxf2+ 30. Kg1 R2f5 31. Bc4 Rg5+ 32. Kh2 Rf2+ 33. Kh1 h5 34. Ra7 Rg3 35. Bd5 Rxh3+ 36. Kg1 Rf5 37. Kg2 Rd3 38. Be4 Rd2+ 39. Kg3 Rf6 40. Re7 Kg7 41. Ra7 h4+ 42. Kh3 Rd4 43. Bg2 g5 44. Ra5 Kg6 45. Re5 Rd3+ 46. Kh2 Rd2 47. Kh3 g4+ 48. Kxh4 Rxg2 49. Rg5+ Kh7 50. Ra5 Rh6+ 51. Kg5 g3 52. Ra7 Rf2 53. Ra3 g2 54. Rg3 Rg6+ 55. Kh5 Rxg3 56. Kh4 Rg6 57. Kh5 f5 58. Kh4 f4 59. Kh5 f3 60. Kh4 Rf1 61. Kh3 Ra1 62. Kh4 f2 63. Kh3 f1=B 64. Kh4 Ra4+ 65. Kh5 Be2# 0-1


[Site "https://www.chess.com"]

[Event "Titled Tuesday Blitz February 14 Late 2023"]
[White "Vaglio Munoz, Jaime"]
[Black "Kanyamarala, Trisha"]
[WhiteFideId "6500145"]
[BlackFideId "45004722"]
[WhiteElo "2174"]
[BlackElo "2278"]
[Result "1-0"]
[Round "08"]
[TimeControl "180+2"]
[Date "2023.02.14"]
[WhiteClock "0:00:26"]
[BlackClock "0:01:15"]

1. d4 Nf6 2. g3 d5 3. Bg2 e6 4. Nf3 c5 5. b3 cxd4 6. Nxd4 e5 7. Nf3 Nc6 8. Bb2 Bb4+ 9. c3 Bc5 10. O-O O-O 11. b4 Bd6 12. Qb3 Be6 13. Qa4 a6 14. a3 b5 15. Qd1 a5 16. Nbd2 Ne4 17. Nxe4 dxe4 18. Nd2 f5 19. e3 Be7 20. Qe2 Qb6 21. c4 axb4 22. cxb5 bxa3 23. Bc3 Na5 24. Bxe5 Bb4 25. Rfb1 Bxd2 26. Qxd2 Nb3 27. Rxb3 Bxb3 28. Qb4 Be6 29. Bf1 a2 30. Bd4 Qa5 31. Qe7 Bf7 32. b6 Rab8 33. Qg5 Bg6 34. Bc4+ Kh8 35. Qe7 Rf7 36. Bxf7 Bxf7 37. Qxf7 Rg8 38. b7 Qb5 39. Rxa2 Qb1+ 40. Kg2 Qd1 41. Qxg7+ 1-0


[Site "https://www.chess.com"]

[Event "Titled Tuesday Blitz February 14 Late 2023"]
[White "Ansh M Shah"]
[Black "Guzman Moneo, Alberto"]
[WhiteFideId "25033379"]
[BlackFideId "2209616"]
[WhiteElo "2171"]
[BlackElo "2170"]
[Result "0-1"]
[Round "08"]
[TimeControl "180+2"]
[Date "2023.02.14"]
[WhiteClock "0:00:01"]
[BlackClock "0:00:39"]

1. d4 Nf6 2. c4 c5 3. d5 b5 4. cxb5 a6 5. e3 g6 6. Nc3 Bg7 7. Nf3 O-O 8. a4 d6 9. e4 e6 10. dxe6 fxe6 11. Bd2 d5 12. exd5 exd5 13. bxa6 d4 14. Nb5 Re8+ 15. Be2 d3 16. Be3 dxe2 17. Qxe2 Bxa6 18. O-O Kh8 19. Qc4 Re4 20. Qxc5 Nbd7 21. Qc6 Qc8 22. Qxc8+ Bxc8 23. Rfc1 Bf8 24. Ng5 Rb4 25. Ne6 Be7 26. Bd2 Rxb2 27. Bc3 Rb3 28. Nec7 Rb8 29. Nd5 Bd8 30. Ndc7 Kg8 31. Nd4 Rxc3 32. Rxc3 Ne4 33. Rc4 Nd6 34. Rcc1 Bf6 0-1


[Site "https://www.chess.com"]

[Event "Titled Tuesday Blitz February 14 Late 2023"]
[White "Torres Dominguez, David"]
[Black "Carrasco Miranda, Andres"]
[WhiteFideId "2220857"]
[BlackFideId "3405990"]
[WhiteElo "1994"]
[BlackElo "2240"]
[Result "1-0"]
[Round "08"]
[TimeControl "180+2"]
[Date "2023.02.14"]
[WhiteClock "0:00:31"]
[BlackClock "0:00:02"]

1. e4 c5 2. Nc3 d6 3. Bb5+ Bd7 4. Bxd7+ Qxd7 5. d3 g6 6. f4 Bg7 7. Nf3 Nc6 8. O-O Nd4 9. Be3 Nxf3+ 10. Qxf3 Nf6 11. Rae1 Qg4 12. Qf2 a6 13. e5 Nd7 14. Nd5 O-O 15. Nxe7+ Kh8 16. exd6 Bxb2 17. Bxc5 Nxc5 18. Qxc5 Rad8 19. Qb4 Bf6 20. Qxb7 Rxd6 21. Nc6 Kg7 22. Ne5 Qf5 23. Qe4 Qc8 24. c4 Rfd8 25. h3 Rd4 26. Qf3 Qc5 27. Kh1 h5 28. Rb1 Bxe5 29. fxe5 R4d7 30. Qf6+ Kh7 31. Rf3 Re8 32. Re1 Re6 33. Qg5 f6 34. Rxf6 1-0


[Site "https://www.chess.com"]

[Event "Titled Tuesday Blitz February 14 Late 2023"]
[White "Vaglio Mattey, Emanuel"]
[Black "Cruz Gomez, Miguel Angel"]
[WhiteFideId "6504167"]
[BlackFideId "5137160"]
[WhiteElo "2155"]
[BlackElo "1950"]
[Result "1-0"]
[Round "08"]
[TimeControl "180+2"]
[Date "2023.02.14"]
[WhiteClock "0:01:38"]
[BlackClock "0:01:47"]

1. d4 Nf6 2. Nf3 e6 3. Bg5 d5 4. Nbd2 Be7 5. e3 c5 6. c3 Nc6 7. Bd3 b6 8. O-O Bb7 9. Qe2 a6 10. Rad1 cxd4 11. exd4 b5 12. Ne5 Nd7 13. Nxc6 Bxc6 14. Bf4 O-O 15. Qh5 g6 16. Qh3 Re8 17. Nf3 a5 18. Rfe1 b4 19. Rxe6 Ba4 20. b3 1-0


[Site "https://www.chess.com"]

[Event "Titled Tuesday Blitz February 14 Late 2023"]
[White "Golubev, Mikhail"]
[Black "Manu_ChessExcelsior"]
[WhiteFideId "14100983"]
[WhiteElo "2461"]
[BlackElo "1985"]
[Result "1-0"]
[Round "08"]
[TimeControl "180+2"]
[Date "2023.02.14"]
[WhiteClock "0:00:07"]
[BlackClock "0:00:06"]

1. e4 e5 2. Nf3 Nc6 3. Bc4 Nf6 4. Ng5 d5 5. exd5 Na5 6. Bb5+ c6 7. dxc6 bxc6 8. Bd3 Nd5 9. Nf3 Bd6 10. O-O O-O 11. Re1 f5 12. Nxe5 Qf6 13. Nf3 g5 14. c4 Nf4 15. Bf1 g4 16. d4 gxf3 17. Qxf3 Ng6 18. c5 Bc7 19. b4 Nb7 20. b5 Bd7 21. Nc3 Rae8 22. Bh6 Rxe1 23. Rxe1 Re8 24. Rxe8+ Bxe8 25. Bc4+ Kh8 26. Be3 f4 27. Ne4 Nh4 28. Nxf6 Nxf3+ 29. gxf3 fxe3 30. fxe3 Bg6 31. bxc6 Nd8 32. d5 Kg7 33. d6 Ba5 34. c7 Kxf6 35. c8=Q Bf5 36. Qb8 Bc3 37. d7 Bd2 38. Qxd8+ Ke5 39. Qe7+ Be6 40. Qxe6# 1-0


[Site "https://www.chess.com"]

[Event "Titled Tuesday Blitz February 14 Late 2023"]
[White "Mazurkiewicz, Michal"]
[Black "Georg, Heinz"]
[WhiteFideId "1124943"]
[BlackFideId "4607295"]
[WhiteElo "2145"]
[BlackElo "2107"]
[Result "1-0"]
[Round "08"]
[TimeControl "180+2"]
[Date "2023.02.14"]
[WhiteClock "0:00:25"]
[BlackClock "0:00:04"]

1. e4 e5 2. Nf3 Nc6 3. d3 Nf6 4. g3 d5 5. exd5 Nxd5 6. Bg2 Be7 7. O-O Be6 8. Re1 Bf6 9. Nbd2 O-O 10. Nc4 Bg4 11. h3 Bxf3 12. Qxf3 Ndb4 13. Qd1 Re8 14. a3 Nd5 15. c3 g6 16. Qb3 Nb6 17. Be3 Qxd3 18. Nxb6 axb6 19. Rad1 Qf5 20. g4 Qe6 21. Bd5 Qe7 22. Rd2 Na5 23. Qa2 c6 24. Be4 b5 25. Red1 Rad8 26. b4 Rxd2 27. Rxd2 Nc4 28. Bc5 Qe6 29. Rd3 Rd8 30. a4 Rxd3 31. Bxd3 e4 32. axb5 cxb5 33. Qa8+ Kg7 34. Qf8# 1-0


[Site "https://www.chess.com"]

[Event "Titled Tuesday Blitz February 14 Late 2023"]
[White "Poeta, Caio Medeiros"]
[Black "Slavin, Alexey"]
[WhiteFideId "2142660"]
[BlackFideId "24104388"]
[WhiteElo "2088"]
[BlackElo "2364"]
[Result "0-1"]
[Round "08"]
[TimeControl "180+2"]
[Date "2023.02.14"]
[WhiteClock "0:00:52"]
[BlackClock "0:00:03"]

1. d4 Nc6 2. c4 e5 3. Nf3 d6 4. g3 Bg4 5. d5 Nce7 6. Bg2 Nf6 7. O-O Qc8 8. Re1 Ng6 9. Nc3 h6 10. b4 a5 11. b5 b6 12. Bb2 Be7 13. Qc2 O-O 14. e3 Bh3 15. Bh1 Ng4 16. Nd2 f5 17. f4 Qe8 18. Nf3 Qf7 19. Ne2 Nxe3 20. Qc3 Ng4 21. fxe5 dxe5 22. Nxe5 N6xe5 23. Nd4 Bc5 24. Bg2 Bxg2 25. Kxg2 Rae8 26. Ne6 Rxe6 27. dxe6 Qxe6 28. Rxe5 Nxe5 29. Qxe5 Qxe5 30. Bxe5 Rf7 31. Rd1 g5 32. Rd8+ Kh7 33. Rc8 Re7 34. Rxc7 Rxc7 35. Bxc7 Kg6 36. Kf3 Kf6 37. h3 Ke6 38. Ke2 Kd7 39. Bb8 Bd6 40. Ba7 Kc7 41. Kd3 Kb7 42. Bxb6 Kxb6 43. g4 f4 44. Kd4 Bc5+ 45. Ke4 a4 46. h4 a3 47. hxg5 hxg5 48. Kf3 Be3 49. Ke4 Kc5 50. Kf5 Kxc4 51. Kxg5 f3+ 52. Kf5 f2 53. Ke4 f1=Q 54. Kxe3 Kxb5 55. g5 Qa1 56. g6 Qxa2 57. g7 Qg8 58. Kd3 Qxg7 59. Kc2 a2 60. Kb3 a1=R 61. Kc2 Ra3 62. Kb1 Qg2 63. Kc1 Ra1# 0-1


[Site "https://www.chess.com"]

[Event "Titled Tuesday Blitz February 14 Late 2023"]
[White "Cueto, Jonny"]
[Black "Rian, Kapriaga"]
[WhiteFideId "3300145"]
[BlackFideId "7103263"]
[WhiteElo "2122"]
[BlackElo "2089"]
[Result "0-1"]
[Round "08"]
[TimeControl "180+2"]
[Date "2023.02.14"]
[WhiteClock "0:00:01"]
[BlackClock "0:00:25"]

1. d4 Nf6 2. Bf4 d5 3. e3 e6 4. Nf3 Bd6 5. Ne5 O-O 6. Nd2 Nfd7 7. Bd3 f6 8. Bxh7+ Kxh7 9. Qh5+ Kg8 10. Ng6 Bxf4 11. exf4 Nc6 12. O-O Ne7 13. Nxf8 Nxf8 14. Rfe1 Bd7 15. Re3 Be8 16. Qg4 Bg6 17. h4 Bf5 18. Qf3 Qd6 19. g4 Bxc2 20. g5 fxg5 21. hxg5 Nf5 22. Rc3 Nxd4 23. Qh5 Bg6 24. Qh4 Ne2+ 25. Kf1 Nxc3 26. bxc3 e5 27. Nf3 exf4 28. Nd4 Ne6 29. Nb5 Qa6 30. Kg2 Qxb5 31. Rh1 Qd3 32. Qh8+ Kf7 33. Qxa8 Be4+ 34. Kh2 Bxh1 35. Qc8 Qe4 36. Qd7+ Kg6 37. Qe8+ Kxg5 38. Qe7+ Kg6 39. Qe8+ Kf6 40. Qf8+ Ke5 41. Qg8 Qg2# 0-1


[Site "https://www.chess.com"]

[Event "Titled Tuesday Blitz February 14 Late 2023"]
[White "Todev, Simeon"]
[Black "Rose, Felix"]
[WhiteFideId "2925133"]
[BlackFideId "5105722"]
[WhiteElo "2033"]
[BlackElo "2091"]
[Result "1-0"]
[Round "08"]
[TimeControl "180+2"]
[Date "2023.02.14"]
[WhiteClock "0:00:05"]
[BlackClock "0:00:09"]

1. e4 e5 2. Nf3 Nc6 3. d4 exd4 4. Bc4 Nf6 5. O-O Nxe4 6. Re1 d5 7. Bxd5 Qxd5 8. Nc3 Qd7 9. Nxe4 Be7 10. Bg5 O-O 11. Bxe7 Qxe7 12. Nxd4 Bd7 13. Nc3 Qf6 14. Ndb5 Rad8 15. Nxc7 Bf5 16. N7d5 Qg6 17. Qf3 Bxc2 18. Ne7+ Nxe7 19. Rxe7 Rd3 20. Qxb7 Rfd8 21. g3 h6 22. Rae1 Rd2 23. Qxa7 Kh7 24. Rxf7 Bf5 25. Rfe7 Bh3 26. Qe3 Rxb2 27. Ne4 Rxa2 28. Qf4 Raa8 29. Qh4 Bf5 30. Nf6+ Kh8 31. Nh5 Re8 32. Nf4 Qh7 33. Rxe8+ Rxe8 34. Rxe8+ Qg8 35. Rxg8+ Kxg8 1-0


[Site "https://www.chess.com"]

[Event "Titled Tuesday Blitz February 14 Late 2023"]
[White "Melikhov, Evgeny V."]
[Black "Abdi, Farzad"]
[WhiteFideId "4122046"]
[BlackFideId "2076829"]
[WhiteElo "2269"]
[BlackElo "2068"]
[Result "0-1"]
[Round "08"]
[TimeControl "180+2"]
[Date "2023.02.14"]
[WhiteClock "0:00:01"]
[BlackClock "0:00:10"]

1. d4 d5 2. c4 dxc4 3. Nf3 e6 4. e3 Nf6 5. Bxc4 c5 6. O-O Nc6 7. Qe2 Bd6 8. Rd1 Qe7 9. Nc3 O-O 10. h3 a6 11. a4 cxd4 12. exd4 h6 13. Ne5 Bd7 14. Bf4 Rfc8 15. Nxd7 Qxd7 16. Bxd6 Qxd6 17. Ne4 Nxe4 18. Qxe4 Nb4 19. b3 Rab8 20. Rd2 b5 21. axb5 axb5 22. Bf1 Rc3 23. Qe5 Qxe5 24. dxe5 Nd5 25. b4 g5 26. Ra5 Rc1 27. g3 Re1 28. Kg2 Rxe5 29. Rd4 Kg7 30. f4 gxf4 31. gxf4 Rf5 32. Kf3 Rc8 33. Rxb5 Rc3+ 34. Bd3 Kf6 35. Kg3 Rxf4 36. Rxf4+ Nxf4 37. Kxf4 Rxd3 38. Rb8 Rb3 39. h4 h5 40. Rb5 Kg6 41. Rg5+ Kh6 42. Rb5 f6 43. Rb6 Kg6 44. Rxe6 Rxb4+ 45. Kg3 Rg4+ 46. Kh3 Kf5 47. Re8 Re4 48. Rh8 Re3+ 49. Kg2 Kg4 50. Rg8+ Kxh4 51. Kf2 Re4 52. Kf3 Rg4 53. Rf8 Rg6 54. Rh8 Kg5 55. Kg3 f5 56. Rh7 f4+ 57. Kf3 Rf6 58. Rg7+ Kf5 59. Rh7 Kg5 60. Rg7+ Kh4 61. Rg8 Rf7 62. Rg6 Rf5 63. Rg8 Rg5 64. Rf8 Rg4 65. Rxf4 Kh3 66. Rf8 h4 67. Kf2 Rg2+ 68. Kf1 Kh2 69. Rh8 h3 70. Rf8 Rg1+ 71. Kf2 Ra1 0-1


[Site "https://www.chess.com"]

[Event "Titled Tuesday Blitz February 14 Late 2023"]
[White "Sariego Figueredo, Wilfredo"]
[Black "Figorito, Nick"]
[WhiteFideId "3500080"]
[BlackFideId "30923689"]
[WhiteElo "2318"]
[BlackElo "2036"]
[Result "0-1"]
[Round "08"]
[TimeControl "180+2"]
[Date "2023.02.14"]
[WhiteClock "0:00:12"]
[BlackClock "0:00:35"]

1. d4 Nf6 2. Bf4 g6 3. e3 Bg7 4. Be2 h5 5. Nf3 d5 6. c3 Nc6 7. Nbd2 Bg4 8. h3 Bf5 9. O-O O-O 10. Re1 Ne4 11. Nxe4 Bxe4 12. Bd3 Bxd3 13. Qxd3 e6 14. e4 dxe4 15. Qxe4 Qd5 16. Qxd5 exd5 17. Bxc7 Rac8 18. Bd6 Rfd8 19. Bf4 b5 20. Ne5 a5 21. Nxc6 Rxc6 22. Re7 b4 23. Bd2 a4 24. Rae1 a3 25. bxa3 bxc3 26. Bc1 Bxd4 27. Kf1 Rcc8 28. R1e2 Bf6 29. R7e3 d4 30. Rd3 Rb8 31. Rc2 Rb1 32. f4 Rdb8 33. Ke2 Ra1 34. g4 Rbb1 35. Rd1 hxg4 36. hxg4 Rb8 37. g5 Re8+ 38. Kd3 Bg7 0-1


[Site "https://www.chess.com"]

[Event "Titled Tuesday Blitz February 14 Late 2023"]
[White "Romero Ruscalleda, Josep"]
[Black "Kalajzic, Ivan"]
[WhiteFideId "2231859"]
[BlackFideId "14506378"]
[WhiteElo "2160"]
[BlackElo "2062"]
[Result "0-1"]
[Round "08"]
[TimeControl "180+2"]
[Date "2023.02.14"]
[WhiteClock "0:00:01"]
[BlackClock "0:00:08"]

1. e4 Nc6 2. d4 d5 3. Nc3 Nf6 4. e5 Nd7 5. Nxd5 Ndb8 6. Bc4 e6 7. Ne3 Qxd4 8. Nf3 Qxd1+ 9. Nxd1 b6 10. Nc3 Bb4 11. Bd2 Bxc3 12. Bxc3 Bb7 13. O-O-O Nd7 14. Rhe1 h6 15. Rd2 O-O-O 16. Red1 Nc5 17. Rxd8+ Rxd8 18. Rxd8+ Nxd8 19. Bd4 Bxf3 20. gxf3 Nd7 21. Kd2 Kb7 22. a4 Nc6 23. Bc3 Ncxe5 24. Be2 f6 25. f4 Nf7 26. Bf3+ c6 27. b4 Kc7 28. Bg4 Kd6 29. Ke3 g6 30. Be2 h5 31. Bd3 f5 32. Bc4 Nd8 33. Bg7 e5 34. fxe5+ Nxe5 35. Bf8+ Kd7 36. Bb3 Ng4+ 37. Kf3 Ne6 38. Bxe6+ Kxe6 39. h3 Ne5+ 40. Ke2 g5 41. Bg7 g4 42. h4 Nf3 43. a5 Nxh4 44. a6 Kd5 45. Kd3 Ng6 46. c4+ Ke6 47. Bd4 Ne5+ 48. Kc3 Nd7 49. Be3 Ke5 50. Kd3 f4 51. Bd4+ Kf5 52. Ke2 h4 53. Kf1 h3 54. Bg7 Ke4 55. Bh6 Kf3 56. Kg1 g3 57. fxg3 fxg3 58. Bg7 Ke4 59. Bc3 Kd3 60. Bf6 Kxc4 61. Be7 Kb5 62. Bd6 g2 63. Kh2 Kxa6 64. Bg3 Kb5 65. Be1 c5 66. bxc5 Nxc5 67. Bf2 Ne4 68. Be3 a5 69. Kxh3 a4 70. Kxg2 Kc4 71. Kf3 Nc5 72. Bc1 b5 73. Ke2 b4 74. Kd1 Kb3 75. Kd2 Ne4+ 76. Kd3 Nc3 77. Be3 Na2 78. Bd4 a3 0-1


[Site "https://www.chess.com"]

[Event "Titled Tuesday Blitz February 14 Late 2023"]
[White "Curtis, John"]
[Black "Prieto Aranguren, Alain"]
[WhiteFideId "3200256"]
[BlackFideId "2268906"]
[WhiteElo "2292"]
[BlackElo "2258"]
[Result "0-1"]
[Round "08"]
[TimeControl "180+2"]
[Date "2023.02.14"]
[WhiteClock "0:00:12"]
[BlackClock "0:00:56"]

1. d4 g6 2. e4 Bg7 3. Nf3 c6 4. h3 d5 5. Nc3 Be6 6. exd5 cxd5 7. Bb5+ Nc6 8. O-O Nf6 9. Ne5 Rc8 10. Na4 O-O 11. Bxc6 bxc6 12. Nc5 Nd7 13. Nxe6 fxe6 14. Nxd7 Qxd7 15. Re1 Rf5 16. c3 Rcf8 17. f4 g5 18. Qe2 gxf4 19. Qxe6+ Qxe6 20. Rxe6 f3 21. gxf3 Rxf3 22. Bh6 R8f7 23. Rae1 Bxh6 24. Rxh6 Rg7+ 25. Kh2 Rf2+ 26. Kh1 Rxb2 27. Rxc6 Rxa2 28. Rf1 Rgg2 29. Rg1 Rxg1+ 30. Kxg1 a5 31. Rc5 e6 32. Rc7 a4 33. h4 a3 34. Ra7 Kf8 35. Rxh7 Rb2 36. Ra7 a2 37. h5 Rb1+ 38. Kg2 a1=Q 0-1


[Site "https://www.chess.com"]

[Event "Titled Tuesday Blitz February 14 Late 2023"]
[White "Marin Masis, Jose Esteban"]
[Black "Gerbelli Neto, Eduardo"]
[WhiteFideId "6508146"]
[BlackFideId "2103281"]
[WhiteElo "1938"]
[BlackElo "2114"]
[Result "1/2-1/2"]
[Round "08"]
[TimeControl "180+2"]
[Date "2023.02.14"]
[WhiteClock "0:00:19"]
[BlackClock "0:01:21"]

1. e4 e5 2. Nf3 Nc6 3. Bb5 a6 4. Ba4 d6 5. d4 b5 6. Bb3 Nxd4 7. Nxd4 exd4 8. a4 Bb7 9. axb5 axb5 10. Rxa8 Qxa8 11. O-O c5 12. Bd5 Bxd5 13. exd5 Qxd5 14. Nc3 Qb7 15. Qe2+ Be7 16. Nxb5 Qd7 17. Bf4 Kf8 18. Ra1 Nf6 19. Ra7 Qd8 20. Rxe7 Nd5 21. Rxf7+ Kxf7 22. Qh5+ Ke6 23. Qg4+ Kf7 24. Qh5+ Ke6 25. Qg4+ Kf7 26. Qh5+ 1/2-1/2


[Site "https://www.chess.com"]

[Event "Titled Tuesday Blitz February 14 Late 2023"]
[White "Toktomushev, Teimur"]
[Black "Levine, David"]
[WhiteFideId "14176726"]
[BlackFideId "2011611"]
[WhiteElo "2239"]
[BlackElo "2040"]
[Result "1-0"]
[Round "08"]
[TimeControl "180+2"]
[Date "2023.02.14"]
[WhiteClock "0:00:31"]
[BlackClock "0:00:05"]

1. d4 d5 2. c4 dxc4 3. e3 Nf6 4. Bxc4 e6 5. Nf3 c5 6. O-O Nc6 7. Nc3 cxd4 8. exd4 Be7 9. d5 exd5 10. Nxd5 Nxd5 11. Qxd5 O-O 12. Bg5 Qxd5 13. Bxd5 Bxg5 14. Nxg5 Nb4 15. Bb3 h6 16. Ne4 Bf5 17. Nd6 Bd3 18. Rfe1 Nc2 19. Bxc2 Bxc2 20. Rac1 Bd3 21. Nxb7 Rab8 22. Rc7 Rfe8 23. Rxe8+ Rxe8 24. h3 Re1+ 25. Kh2 Re2 26. Nc5 Bc4 27. b3 Bd5 28. Rd7 Bc6 29. Rd6 Be8 30. Rd8 Kf8 31. a4 Rxf2 32. Ra8 a5 33. Nb7 Ke7 34. Nxa5 g5 35. Ra7+ Ke6 36. Nc4 Bc6 37. Ra6 Kd7 38. Ne5+ 1-0


[Site "https://www.chess.com"]

[Event "Titled Tuesday Blitz February 14 Late 2023"]
[White "Djordjevic, Dejan N"]
[Black "Liu, Casper"]
[WhiteFideId "913316"]
[BlackFideId "1454153"]
[WhiteElo "2167"]
[BlackElo "2278"]
[Result "1-0"]
[Round "08"]
[TimeControl "180+2"]
[Date "2023.02.14"]
[WhiteClock "0:00:12"]
[BlackClock "0:00:12"]

1. e4 c6 2. d4 d5 3. Nd2 dxe4 4. Nxe4 Nf6 5. Ng5 e6 6. Bc4 Bd6 7. N1f3 Nbd7 8. Qe2 O-O 9. Nxe6 fxe6 10. Qxe6+ Kh8 11. Qxd6 Re8+ 12. Kf1 Ne4 13. Qf4 Nb6 14. Bb3 Nd5 15. Qh4 Qxh4 16. Nxh4 b6 17. Nf3 Ba6+ 18. Kg1 Ndf6 19. Bf4 Ng4 20. Bg3 Nxg3 21. hxg3 Re2 22. Rh4 Nxf2 23. Ne5 h6 24. Nxc6 Ne4 25. Rg4 Rf8 26. Rf4 Rc8 27. Ne7 Re8 28. Ng6+ Kh7 29. Ne5 Nxg3 30. Rf2 Bb7 31. c3 Rf8 32. Rxe2 Nxe2+ 33. Kh2 Rf2 34. Rg1 Nf4 35. d5 Bxd5 36. Kg3 Bxb3 37. Kxf2 Bxa2 38. Ke3 Nd5+ 39. Kd4 g5 40. Ra1 Bb3 41. Ra3 Nf4 42. Rxb3 Nxg2 43. Ra3 h5 44. Rxa7+ Kh6 45. Ra6 h4 46. Rxb6+ Kh5 47. Ke4 h3 48. Rb8 Kh4 49. Rh8+ Kg3 50. Nf3 Nh4 51. Nxg5 h2 52. Rxh4 Kxh4 53. Nf3+ Kg3 54. Nxh2 Kxh2 55. c4 Kg3 56. c5 Kf2 57. c6 Ke2 58. c7 Kd2 59. c8=Q Ke2 60. b4 Kd2 61. b5 Ke2 62. b6 Kd2 63. b7 Ke2 64. b8=Q Kd2 65. Qb2+ Ke1 66. Qcc1# 1-0


[Site "https://www.chess.com"]

[Event "Titled Tuesday Blitz February 14 Late 2023"]
[White "Chabris, Christopher"]
[Black "Balog, Imre"]
[WhiteFideId "2005263"]
[BlackFideId "728446"]
[WhiteElo "2053"]
[BlackElo "2615"]
[Result "0-1"]
[Round "08"]
[TimeControl "180+2"]
[Date "2023.02.14"]
[WhiteClock "0:00:20"]
[BlackClock "0:00:34"]

1. e4 c5 2. Nf3 Nc6 3. Bb5 e6 4. Bxc6 bxc6 5. d3 Ne7 6. h4 h5 7. Nbd2 d5 8. e5 Ng6 9. c4 Be7 10. g3 f6 11. exf6 Bxf6 12. Nb3 dxc4 13. dxc4 Qxd1+ 14. Kxd1 Ba6 15. Nxc5 Bxc4 16. Kc2 Bd5 17. Re1 Bxf3 18. Nxe6 Kf7 19. Bg5 Bd5 20. Nc7 Rac8 21. Nxd5 cxd5+ 22. Kd3 Bxb2 23. Rab1 Ne5+ 24. Ke3 Nc4+ 25. Kf3 Bf6 26. Rb7+ Kg6 27. Bxf6 Rhf8 28. Rxg7+ Kxf6 29. Ree7 Ne5+ 30. Kg2 a5 31. f3 Rc2+ 32. Kh3 Nxf3 33. Ra7 Rh2# 0-1


[Site "https://www.chess.com"]

[Event "Titled Tuesday Blitz February 14 Late 2023"]
[White "ritanovikova"]
[Black "Estrada Nieto, Julian"]
[BlackFideId "5101018"]
[WhiteElo "2189"]
[BlackElo "2215"]
[Result "1-0"]
[Round "08"]
[TimeControl "180+2"]
[Date "2023.02.14"]
[WhiteClock "0:00:10"]
[BlackClock "0:00:04"]

1. d4 Nf6 2. Bf4 d5 3. Nf3 c5 4. c3 Nc6 5. e3 Qb6 6. Qb3 c4 7. Qxb6 axb6 8. Nbd2 b5 9. b3 e6 10. Be2 Ba3 11. Rb1 Be7 12. a4 b4 13. cxb4 Bxb4 14. bxc4 Ne4 15. cxd5 exd5 16. Bb5 O-O 17. Bxc6 bxc6 18. Rxb4 Ba6 19. Nxe4 dxe4 20. Nd2 Bd3 21. f3 f5 22. Kf2 Ra6 23. Rc1 Rfa8 24. Ra1 h6 25. h4 Kf7 26. Bd6 Ke6 27. Bc5 Kd5 28. h5 Bc2 29. f4 Bxa4 30. Nc4 Bb5 31. Nb6+ Ke6 32. Nxa8 Rxa1 33. Nc7+ Kf6 34. Nxb5 Ra2+ 35. Kg3 cxb5 36. Rxb5 Re2 37. Rb3 Rd2 38. Ra3 g5 39. hxg6 Kxg6 40. Ra6+ Kg7 41. Bd6 Re2 42. Be5+ Kh7 43. Ra3 Rd2 44. Rb3 Kg6 45. Kh2 Re2 46. Kg1 Kh5 47. Kf1 Rd2 48. Rb6 Rd3 49. Ke2 Ra3 50. d5 Ra2+ 51. Kf1 Rd2 52. d6 Kg4 53. Rb4 1-0


[Site "https://www.chess.com"]

[Event "Titled Tuesday Blitz February 14 Late 2023"]
[White "Stanisz, Patryk"]
[Black "Oliveira, Tiago Batista"]
[WhiteFideId "1123106"]
[BlackFideId "2108291"]
[WhiteElo "2161"]
[BlackElo "1991"]
[Result "1-0"]
[Round "08"]
[TimeControl "180+2"]
[Date "2023.02.14"]
[WhiteClock "0:00:07"]
[BlackClock "0:00:03"]

1. d4 Nf6 2. c4 g6 3. Nc3 d5 4. Nf3 Bg7 5. Qb3 dxc4 6. Qxc4 O-O 7. Bf4 Na6 8. e4 c5 9. dxc5 Be6 10. Qb5 Qc8 11. c6 Nc7 12. cxb7 Nxb5 13. bxc8=Q Raxc8 14. Bxb5 Nh5 15. Bd2 Rb8 16. a4 a6 17. Bxa6 Rxb2 18. Nd5 Bxd5 19. exd5 Rb6 20. Rc1 Rxa6 21. a5 Nf6 22. Rc5 Rd8 23. O-O Ne4 24. Rc2 Nxd2 25. Rxd2 Rxa5 26. Rfd1 Bh6 27. Rd3 Bf4 28. g3 Bd6 29. Kg2 Rda8 30. Nd4 Ra2 31. R3d2 Rxd2 32. Rxd2 Ra4 33. Nb5 Bc5 34. h4 h6 35. Nc7 Bd6 36. Nb5 Bc5 37. f3 g5 38. hxg5 hxg5 39. Re2 Kg7 40. Nc3 Rd4 41. Re5 Rd2+ 42. Kh3 f6 43. Re2 Rxe2 44. Nxe2 Kg6 45. Kg4 f5+ 46. Kh3 Kf6 47. f4 g4+ 48. Kg2 e6 49. dxe6 Kxe6 50. Nc3 Bd4 51. Nb5 Bf6 52. Nc7+ Kd6 53. Ne8+ Ke7 54. Nc7 Kd6 55. Nb5+ Kc5 56. Na3 Kb4 57. Nc2+ Kc3 58. Ne3 Kd2 59. Nxf5 Ke2 60. Nh6 1-0


[Site "https://www.chess.com"]

[Event "Titled Tuesday Blitz February 14 Late 2023"]
[White "Kujawski, Adam"]
[Black "Wang, Alexander J"]
[WhiteFideId "1100920"]
[BlackFideId "30955270"]
[WhiteElo "2173"]
[BlackElo "1815"]
[Result "1-0"]
[Round "08"]
[TimeControl "180+2"]
[Date "2023.02.14"]
[WhiteClock "0:00:30"]
[BlackClock "0:00:06"]

1. e4 c5 2. Nf3 d6 3. d4 cxd4 4. Nxd4 Nf6 5. Nc3 g6 6. Be3 Bg7 7. f3 O-O 8. Qd2 Nc6 9. O-O-O d5 10. exd5 Nxd5 11. Nxc6 bxc6 12. Bd4 e5 13. Bc5 Re8 14. Nxd5 cxd5 15. Qxd5 Qxd5 16. Rxd5 Be6 17. Rd6 Bf8 18. Rc6 Bh6+ 19. Kb1 Red8 20. Bd3 Bd5 21. Rc7 a5 22. Re1 Bg7 23. Be4 Bxe4 24. fxe4 f5 25. a4 Rab8 26. Be3 fxe4 27. Rf1 Rf8 28. Rd1 Rfd8 29. Rxd8+ Rxd8 30. Kc1 Rb8 31. b3 Rf8 32. Rc5 Rf1+ 33. Kd2 h6 34. Rxa5 Rh1 35. Ra8+ Kh7 36. Ke2 Rxh2 37. Kf2 Bf6 38. a5 Rh1 39. a6 Bh4+ 40. g3 Rh2+ 41. Kg1 Bxg3 42. Ra7+ Kg8 43. Rb7 Rxc2 44. a7 Ra2 45. Rb8+ 1-0


[Site "https://www.chess.com"]